Capitals vs Devils

Created - 9 octobre 2023 at 19:22

Goals
1 2 3 OT1 SO T
Capitals 1 0 1 0 1 2
Devils 1 0 1 0 2 3
Shots
1 2 3 OT1 SO T
Capitals 8 15 10 2 5 35
Devils 4 10 16 1 5 31

GoalsPenalties
1st period
1. Devils , Filip Chytil 6 (Jesper Bratt 4) at 4:01
2. Capitals , Jesper Fast 2 (Nico Sturm 1, Evan Rodrigues 4) at 19:55
Tyler Seguin (NJD) for Hooking (Minor) at 8:34
Zach Hyman (WAS) for Goalie Interference (Minor) at 13:17
2nd period
No Goal
Tom Wilson (WAS) for Interference (Minor) at 4:39
3rd period
3. Devils , Logan Couture 4 (Jesper Bratt 5, Stuart Skinner) at 7:37 (PP)
4. Capitals , William Nylander 5 (Zach Hyman 5, Adam Fox 7) at 18:39
Adam Fox (WAS) for Tripping (Minor) at 1:56
Nico Sturm (WAS) for Hooking (Minor) at 6:54
Nicholas Paul (WAS) for Hooking (Minor) at 11:32
Overtime #1
No Goal
Shootout
Capitals, William Nylander - Stopped by Stuart Skinner
Devils, Jesper Bratt - Shot Misses the Net
Capitals, Jeff Skinner - Stopped by Stuart Skinner
Devils, Roope Hintz - Goal!
Capitals, Sam Reinhart - Goal!
Devils, Logan Couture - Shot Misses the Net
Capitals, Zach Hyman - Shot Misses the Net
Devils, Tyler Seguin - Stopped by Joonas Korpisalo
Capitals, Aleksander Barkov - Stopped by Stuart Skinner
Devils, Viktor Arvidsson - Goal!
Goalie Stats
Joonas Korpisalo (WAS), 29 saves from 31 shots - (0,935), OTL, 4-2-4, 65:00 minutes
Stuart Skinner (NJD), 33 saves from 35 shots - (0,943), W, 6-0-3, 65:00 minutes
3 StarsOfficial
1 - Stuart Skinner (NJD)
2 - Logan Couture (NJD)
3 - William Nylander (WAS)
Referees : Lacey Senuk and Trevor Hanson
Linesman : Steve Barton and Owen Gidlow
Game Note
No Game Note
Finance
Level 1 -- Attendance: 4578 (76%) -- Ticket Income $457,800
Level 2 -- Attendance: 4211 (84%) -- Ticket Income $252,660
Level 3 -- Attendance: 2431 (80%) -- Ticket Income $97,240
Level 4 -- Attendance: 3151 (79%) -- Ticket Income $63,020
Luxury Box -- Attendance: 944 (94%) -- Ticket Income $188,800
Game was played at the Continental Airlines Arena.
Total Attendance: 15315 (80%)
Total Ticket Income: $1,059,520
Other Income: $317,856
Total Income: $1,377,376



Team Name Goals Shots Shots Attemp Shots Blocked PIM HIT PP PK FO%
Capitals 235591310270 / 1 (0%)155%
Devils 3316382201 / 5 (20%)045%

Capitals
Player Name POS G A P +/- PIM HIT SHT SB MP PP MP PP SHT PK MP PK SHT FO% FOT GA TA
Adam FoxD0111216227:351:1804:1800% 002
Aleksander BarkovC0001033021:161:1014:46048% 2521
Brandon DuhaimeLW/RW000-1032012:330:0001:4000% 001
Cam FowlerD0001010221:341:1801:1100% 021
Dmitry OrlovD000-1030222:300:4103:1000% 010
Dylan GambrellC000-101008:420:0000:00056% 900
Evan RodriguesC/LW/RW0111005015:520:4901:00067% 302
Jeff SkinnerLW/RW0000020115:520:4900:000100% 102
Jesper FastRW1011024016:070:0003:18067% 300
Nicholas PaulC/LW0000222218:000:0003:32063% 1600
Nico SturmC/LW0111202117:240:0003:02040% 500
Niko MikkolaD0001010215:060:0003:1000% 000
Ryan LindgrenD000-1020127:200:4105:2900% 000
Sam ReinhartC/RW0000010016:100:4900:000100% 100
Tom WilsonRW000-122308:460:0000:0000% 000
Will BorgenD0001001011:140:0000:0000% 000
William NylanderLW/RW1011024015:081:1010:0000% 010
Zach HymanLW/RW0111213015:071:1000:00050% 400
Devils
Player Name POS G A P +/- PIM HIT SHT SB MP PP MP PP SHT PK MP PK SHT FO% FOT GA TA
Eetu LuostarinenC/LW000-1002017:350:0001:08025% 410
Erik HaulaC/LW0000001017:220:0000:51025% 800
Filip ChytilC/LW1010004019:384:2310:0000% 000
Gustav ForslingD0001021122:144:3010:5200% 000
Henri JokiharjuD0001010016:240:0600:0000% 000
Jesper BrattLW/RW0220010021:084:1600:0000% 020
Johnathan KovacevicD000-1021016:530:0000:5200% 002
Logan CoutureC1010024118:524:1610:51054% 2400
Morgan FrostC000000007:450:0000:00045% 1100
Peyton KrebsC/LW000000207:280:0000:0000% 000
Roope HintzC000-1033119:354:2301:08038% 1600
Ryan PulockD000-1020323:082:2501:0700% 020
Teuvo TeravainenLW/RW0000012020:450:0000:000100% 110
Torey KrugD000-1010019:394:0900:0000% 001
Tyler SeguinC/RW000-1212018:564:2300:000100% 103
Urho VaakanainenD000000000:000:0000:0000% 000
Victor HedmanD000-1023226:426:0821:0700% 010
Viktor ArvidssonLW/RW0000026018:564:1600:00050% 220

Capitals

5 vs 5 Forward
Line #Left WingCenterRight WingPHYDFOFWanted %Time %Time Play
1William NylanderAleksander BarkovZach Hyman0143428%14:00
2Jeff SkinnerNicholas PaulSam Reinhart0233330%14:47
3Evan RodriguesNico SturmJesper Fast1222224%11:53
4Brandon DuhaimeDylan GambrellTom Wilson1221118%8:42
5 vs 5 Defense
Line #DefenseDefensePHYDFOFWanted %Time %Time Play
1Cam FowlerAdam Fox0233739%19:15
2Ryan LindgrenDmitry Orlov1223637%18:19
3Niko MikkolaWill Borgen1222223%11:14
4Ryan LindgrenAdam Fox12251%0:34
Power Play Forward
Line #Left WingCenterRight WingPHYDFOFWanted %Time %Time Play
1William NylanderAleksander BarkovZach Hyman0055259%1:10
2Evan RodriguesSam ReinhartJeff Skinner0054841%0:49
Power Play Defense
Line #DefenseDefensePHYDFOFWanted %Time %Time Play
1Cam FowlerAdam Fox0055866%1:18
2Ryan LindgrenDmitry Orlov0054234%0:41
Penalty Kill 4 Players Forward
Line #CenterWingPHYDFOFWanted %Time %Time Play
1Aleksander BarkovNicholas Paul1405462%5:21
2Nico SturmJesper Fast1404638%3:18
Penalty Kill 4 Players Defense
Line #DefenseDefensePHYDFOFWanted %Time %Time Play
1Ryan LindgrenAdam Fox1405566%5:40
2Niko MikkolaDmitry Orlov1404534%2:59
Penalty Kill 3 Players
Line #WingPHYDFOFWanted %Time %Time PlayDefenseDefensePHYDFOFWanted %Time %Time Play
1Aleksander Barkov050520%0:00 Ryan LindgrenAdam Fox140560%0:00
2Nicholas Paul050480%0:00 Niko MikkolaDmitry Orlov140440%0:00
4 vs 4 Forward
Line #CenterWingPHYDFOFWanted %Time %Time Play
1Aleksander BarkovWilliam Nylander023500%0:00
2Sam ReinhartJeff Skinner023500%0:00
4 vs 4 Defense
Line #DefensePHYDFOFWanted %Time %Time Play
1Cam FowlerAdam Fox023520%0:00
2Ryan LindgrenDmitry Orlov023480%0:00
Last Minutes Offensive
Left WingCenterRight WingDefenseDefense
William NylanderAleksander BarkovZach HymanCam FowlerAdam Fox
Last Minutes Defensive
Left WingCenterRight WingDefenseDefense
Nicholas PaulAleksander BarkovSam ReinhartCam FowlerAdam Fox
Time
Total ForwardTotal DefenseLast Minutes OffensiveLast Minutes Defensive
60:00 60:00 0:000:00
Extra Forwards
Normal PowerPlayPenalty Kill
Aleksander Barkov, William Nylander, Zach HymanAleksander Barkov, William NylanderAleksander Barkov
Extra Defensemen
Normal PowerPlayPenalty Kill
Adam Fox, Cam Fowler, Dmitry OrlovAdam Fox, Adam FoxRyan Lindgren
Penalty Shots
William Nylander, Jeff Skinner, Sam Reinhart, Zach Hyman, Aleksander Barkov
Goalie
Joonas Korpisalo, Logan Thompson
Scratches
Carter Verhaeghe (Left Foot Injury)

Devils

5 vs 5 Forward
Line #Left WingCenterRight WingPHYDFOFWanted %Time %Time Play
1Teuvo TeravainenLogan CoutureViktor Arvidsson0232829%14:16
2Eetu LuostarinenRoope HintzTyler Seguin0232827%13:33
3Filip ChytilErik HaulaJesper Bratt0232829%14:05
4Peyton KrebsMorgan FrostTeuvo Teravainen0231615%7:28
5 vs 5 Defense
Line #DefenseDefensePHYDFOFWanted %Time %Time Play
1Victor HedmanRyan Pulock0324041%20:03
2Gustav ForslingHenri Jokiharju0323029%14:22
3Torey KrugJohnathan Kovacevic0323030%14:57
4Victor HedmanRyan Pulock03200%0:00
Power Play Forward
Line #Left WingCenterRight WingPHYDFOFWanted %Time %Time Play
1Filip ChytilRoope HintzTyler Seguin0055051%4:23
2Jesper BrattLogan CoutureViktor Arvidsson0055049%4:16
Power Play Defense
Line #DefenseDefensePHYDFOFWanted %Time %Time Play
1Torey KrugVictor Hedman0055048%4:09
2Gustav ForslingVictor Hedman0055052%4:30
Penalty Kill 4 Players Forward
Line #CenterWingPHYDFOFWanted %Time %Time Play
1Logan CoutureErik Haula0505043%0:51
2Roope HintzEetu Luostarinen0055057%1:08
Penalty Kill 4 Players Defense
Line #DefenseDefensePHYDFOFWanted %Time %Time Play
1Victor HedmanRyan Pulock0505056%1:07
2Gustav ForslingJohnathan Kovacevic0505044%0:52
Penalty Kill 3 Players
Line #WingPHYDFOFWanted %Time %Time PlayDefenseDefensePHYDFOFWanted %Time %Time Play
1Erik Haula050500%0:00 Victor HedmanRyan Pulock050500%0:00
2Eetu Luostarinen050500%0:00 Gustav ForslingJohnathan Kovacevic050500%0:00
4 vs 4 Forward
Line #CenterWingPHYDFOFWanted %Time %Time Play
1Logan CoutureViktor Arvidsson023500%0:00
2Roope HintzTyler Seguin023500%0:00
4 vs 4 Defense
Line #DefensePHYDFOFWanted %Time %Time Play
1Victor HedmanRyan Pulock032500%0:00
2Gustav ForslingTorey Krug032500%0:00
Last Minutes Offensive
Left WingCenterRight WingDefenseDefense
Jesper BrattLogan CoutureViktor ArvidssonVictor HedmanTorey Krug
Last Minutes Defensive
Left WingCenterRight WingDefenseDefense
Eetu LuostarinenErik HaulaTeuvo TeravainenVictor HedmanRyan Pulock
Time
Total ForwardTotal DefenseLast Minutes OffensiveLast Minutes Defensive
60:00 60:00 0:000:00
Extra Forwards
Normal PowerPlayPenalty Kill
Tyler Seguin, Jesper Bratt, Viktor ArvidssonTeuvo Teravainen, Eetu LuostarinenTeuvo Teravainen
Extra Defensemen
Normal PowerPlayPenalty Kill
Torey Krug, Henri Jokiharju, Victor HedmanRyan Pulock, Henri JokiharjuTorey Krug
Penalty Shots
Jesper Bratt, Roope Hintz, Logan Couture, Tyler Seguin, Viktor Arvidsson
Goalie
Stuart Skinner, Elvis Merzlikins
Scratches
Isac Lundestrom (Right Hand Injury)


Play-by-Play

1st period


0:01 of 1st period - Logan Couture wins face-off versus Aleksander Barkov in neutral zone.
1:19 of 1st period - Teuvo Teravainen is hit by Ryan Lindgren.
1:32 of 1st period - Icing by Nico Sturm.
1:33 of 1st period - Dylan Gambrell wins face-off versus Roope Hintz in Capitals zone.
1:33 of 1st period - Dylan Gambrell is hit by Roope Hintz.
1:59 of 1st period - Aleksander Barkov is hit by Johnathan Kovacevic and loses puck.
2:52 of 1st period - Tyler Seguin is hit by Niko Mikkola.
3:08 of 1st period - Wrist shot by Filip Chytil.
3:08 of 1st period - Stopped by Joonas Korpisalo with a rebound.
3:29 of 1st period - Snap shot by William Nylander.
3:29 of 1st period - Deflect By Teuvo Teravainen.
3:29 of 1st period - Shot Misses the Net.
3:29 of 1st period - Puck is out of play.
3:30 of 1st period - Erik Haula wins face-off versus Nicholas Paul in Devils zone.
4:01 of 1st period - Slapshot by Filip Chytil.
4:01 of 1st period - Goal by Filip Chytil - Capitals : 0 - Devils : 1.
4:02 of 1st period - Aleksander Barkov wins face-off versus Logan Couture in neutral zone.
4:04 of 1st period - Off-side.
4:05 of 1st period - Logan Couture wins face-off versus Aleksander Barkov in neutral zone.
4:53 of 1st period - Wrist shot by Brandon Duhaime.
4:53 of 1st period - Shot Misses the Net.
5:08 of 1st period - Off-side.
5:09 of 1st period - Morgan Frost wins face-off versus Nico Sturm in neutral zone.
5:22 of 1st period - Snap shot by Evan Rodrigues.
5:22 of 1st period - Stopped by Stuart Skinner with a rebound.
5:26 of 1st period - Snap shot by Evan Rodrigues.
5:26 of 1st period - Shot Misses the Net.
5:43 of 1st period - Wrist shot by Sam Reinhart.
5:43 of 1st period - Shot Misses the Net.
5:56 of 1st period - Off-side.
5:57 of 1st period - Dylan Gambrell wins face-off versus Erik Haula in neutral zone.
6:00 of 1st period - Slapshot by Adam Fox.
6:00 of 1st period - Stopped by Stuart Skinner with a rebound.
6:22 of 1st period - Adam Fox is hit by Gustav Forsling and loses puck.
7:18 of 1st period - Slapshot by Tom Wilson.
7:18 of 1st period - Stopped by Stuart Skinner with a rebound.
7:32 of 1st period - Gustav Forsling is hit by Brandon Duhaime and loses puck.
7:51 of 1st period - Snap shot by Erik Haula.
7:51 of 1st period - Deflect By Jesper Bratt.
7:51 of 1st period - Shot Misses the Net.
7:51 of 1st period - Puck is out of play.
7:52 of 1st period - Aleksander Barkov wins face-off versus Logan Couture in Capitals zone.
8:06 of 1st period - Aleksander Barkov is hit by Victor Hedman and loses puck.
8:19 of 1st period - Ryan Pulock is hit by Adam Fox and loses puck.
8:25 of 1st period - Off-side.
8:26 of 1st period - Nicholas Paul wins face-off versus Roope Hintz in neutral zone.
8:34 of 1st period - Minor Penalty to Tyler Seguin for Hooking.
8:35 of 1st period - Aleksander Barkov wins face-off versus Eetu Luostarinen in Devils zone.
8:37 of 1st period - Wrist shot by Zach Hyman.
8:37 of 1st period - Shot Blocked by Victor Hedman.
8:43 of 1st period - Wrist shot by William Nylander.
8:43 of 1st period - Stopped by Stuart Skinner without a rebound.
8:44 of 1st period - Aleksander Barkov wins face-off versus Roope Hintz in Devils zone.
8:51 of 1st period - Snap shot by Adam Fox.
8:51 of 1st period - Shot Misses the Net.
8:53 of 1st period - Snap shot by Aleksander Barkov.
8:53 of 1st period - Stopped by Stuart Skinner without a rebound.
8:54 of 1st period - Logan Couture wins face-off versus Zach Hyman in Devils zone.
9:25 of 1st period - Adam Fox is hit by Victor Hedman and loses puck.
9:56 of 1st period - Ryan Lindgren is hit by Ryan Pulock and loses puck.
10:34 of 1st period - Penalty to Tyler Seguin is over, Tyler Seguin is back on ice.
10:41 of 1st period - Tyler Seguin is hit by Tom Wilson.
11:03 of 1st period - Slapshot by Will Borgen.
11:03 of 1st period - Stopped by Stuart Skinner without a rebound.
11:04 of 1st period - Morgan Frost wins face-off versus Aleksander Barkov in Devils zone.
11:11 of 1st period - Snap shot by Peyton Krebs.
11:11 of 1st period - Stopped by Joonas Korpisalo with a rebound.
11:36 of 1st period - Wrist shot by Eetu Luostarinen.
11:36 of 1st period - Stopped by Joonas Korpisalo without a rebound.
11:37 of 1st period - Morgan Frost wins face-off versus Nicholas Paul in Capitals zone.
11:38 of 1st period - Slapshot by Teuvo Teravainen.
11:38 of 1st period - Shot Blocked by Jeff Skinner.
12:47 of 1st period - Jeff Skinner is hit by Viktor Arvidsson and loses puck.
12:52 of 1st period - Slapshot by Logan Couture.
12:52 of 1st period - Shot Blocked by Nicholas Paul.
12:58 of 1st period - Slapshot by Logan Couture.
12:58 of 1st period - Shot Blocked by Niko Mikkola.
13:17 of 1st period - Minor Penalty to Zach Hyman for Goalie Interference.
13:18 of 1st period - Roope Hintz wins face-off versus Aleksander Barkov in Capitals zone.
13:26 of 1st period - Snap shot by Tyler Seguin.
13:26 of 1st period - Shot Blocked by Nicholas Paul.
13:28 of 1st period - Backhand shot by Gustav Forsling.
13:28 of 1st period - Shot Misses the Net.
13:30 of 1st period - Slapshot by Gustav Forsling.
13:30 of 1st period - Shot Misses the Net.
15:17 of 1st period - Penalty to Zach Hyman is over, Zach Hyman is back on ice.
15:24 of 1st period - Roope Hintz is hit by Tom Wilson and loses puck.
16:08 of 1st period - Wrist shot by Nicholas Paul.
16:08 of 1st period - Shot Blocked by Gustav Forsling.
16:18 of 1st period - Ryan Lindgren is hit by Jesper Bratt and loses puck.
16:42 of 1st period - Eetu Luostarinen is hit by Brandon Duhaime and loses puck.
16:53 of 1st period - Nicholas Paul is hit by Teuvo Teravainen.
16:57 of 1st period - Victor Hedman is hit by Dmitry Orlov and loses puck.
17:26 of 1st period - Peyton Krebs is hit by Jesper Fast and loses puck.
17:45 of 1st period - Sam Reinhart is hit by Torey Krug and loses puck.
17:52 of 1st period - Roope Hintz is hit by Cam Fowler and loses puck.
18:49 of 1st period - Icing by Jesper Fast.
18:50 of 1st period - Nico Sturm wins face-off versus Morgan Frost in Capitals zone.
19:23 of 1st period - Wrist shot by Teuvo Teravainen.
19:23 of 1st period - Shot Misses the Net.
19:37 of 1st period - Snap shot by Ryan Lindgren.
19:37 of 1st period - Deflect By Jesper Fast.
19:37 of 1st period - Stopped by Stuart Skinner without a rebound.
19:38 of 1st period - Roope Hintz wins face-off versus Nico Sturm in Devils zone.
19:51 of 1st period - Wrist shot by Evan Rodrigues.
19:51 of 1st period - Shot Blocked by Roope Hintz.
19:53 of 1st period - Wrist shot by Nico Sturm.
19:53 of 1st period - Shot Misses the Net.
19:55 of 1st period - Wrist shot by Jesper Fast.
19:55 of 1st period - Goal by Jesper Fast - Capitals : 1 - Devils : 1.
19:56 of 1st period - Logan Couture wins face-off versus Aleksander Barkov in neutral zone.
Goals for this period are 1 for Capitals vs 1 for Devils.
Shots for this period are 8 for Capitals vs 4 for Devils.

2nd period


0:01 of 2nd period - Logan Couture wins face-off versus Aleksander Barkov in neutral zone.
1:46 of 2nd period - Wrist shot by Morgan Frost.
1:46 of 2nd period - Deflect By Cam Fowler.
1:46 of 2nd period - Shot Blocked by Adam Fox.
1:46 of 2nd period - Puck is out of play.
1:47 of 2nd period - Nicholas Paul wins face-off versus Morgan Frost in Capitals zone.
1:54 of 2nd period - Snap shot by Jeff Skinner.
1:54 of 2nd period - Shot Misses the Net.
2:14 of 2nd period - Ryan Lindgren is hit by Roope Hintz and loses puck.
2:25 of 2nd period - Snap shot by Roope Hintz.
2:25 of 2nd period - Shot Misses the Net.
2:51 of 2nd period - Snap shot by Filip Chytil.
2:51 of 2nd period - Stopped by Joonas Korpisalo with a rebound.
3:28 of 2nd period - Backhand shot by Nico Sturm.
3:28 of 2nd period - Stopped by Stuart Skinner with a rebound.
3:30 of 2nd period - Snap shot by Jesper Fast.
3:30 of 2nd period - Shot Misses the Net.
3:38 of 2nd period - Wrist shot by Evan Rodrigues.
3:38 of 2nd period - Shot Misses the Net.
3:40 of 2nd period - Slapshot by Niko Mikkola.
3:40 of 2nd period - Deflect By Jesper Fast.
3:40 of 2nd period - Stopped by Stuart Skinner without a rebound.
3:41 of 2nd period - Aleksander Barkov wins face-off versus Erik Haula in Devils zone.
3:53 of 2nd period - Snap shot by Johnathan Kovacevic.
3:53 of 2nd period - Shot Misses the Net.
4:39 of 2nd period - Minor Penalty to Tom Wilson for Interference.
4:40 of 2nd period - Logan Couture wins face-off versus Aleksander Barkov in Capitals zone.
4:44 of 2nd period - Wrist shot by Viktor Arvidsson.
4:44 of 2nd period - Shot Blocked by Adam Fox.
6:39 of 2nd period - Penalty to Tom Wilson is over, Tom Wilson is back on ice.
6:43 of 2nd period - Snap shot by Aleksander Barkov.
6:43 of 2nd period - Stopped by Stuart Skinner without a rebound.
6:44 of 2nd period - Morgan Frost wins face-off versus Dylan Gambrell in Devils zone.
6:51 of 2nd period - Wrist shot by Peyton Krebs.
6:51 of 2nd period - Stopped by Joonas Korpisalo without a rebound.
6:52 of 2nd period - Morgan Frost wins face-off versus Dylan Gambrell in Capitals zone.
6:56 of 2nd period - Icing by Will Borgen.
6:57 of 2nd period - Logan Couture wins face-off versus Dylan Gambrell in Capitals zone.
7:04 of 2nd period - Snap shot by Viktor Arvidsson.
7:04 of 2nd period - Stopped by Joonas Korpisalo without a rebound.
7:05 of 2nd period - Nicholas Paul wins face-off versus Logan Couture in Capitals zone.
7:10 of 2nd period - Teuvo Teravainen is hit by Nicholas Paul and loses puck.
7:21 of 2nd period - Snap shot by Logan Couture.
7:21 of 2nd period - Deflect By Viktor Arvidsson.
7:21 of 2nd period - Shot Misses the Net.
7:21 of 2nd period - Puck is out of play.
7:22 of 2nd period - Zach Hyman wins face-off versus Roope Hintz in Capitals zone.
7:35 of 2nd period - Snap shot by Tyler Seguin.
7:35 of 2nd period - Stopped by Joonas Korpisalo with a rebound.
7:37 of 2nd period - Wrist shot by Roope Hintz.
7:37 of 2nd period - Stopped by Joonas Korpisalo without a rebound.
7:38 of 2nd period - Logan Couture wins face-off versus Nicholas Paul in Capitals zone.
7:45 of 2nd period - Wrist shot by Sam Reinhart.
7:45 of 2nd period - Deflect By Victor Hedman.
7:45 of 2nd period - Shot Blocked by Ryan Pulock.
7:45 of 2nd period - Puck is out of play.
7:46 of 2nd period - Teuvo Teravainen wins face-off versus Nicholas Paul in Devils zone.
8:17 of 2nd period - Wrist shot by Jeff Skinner.
8:17 of 2nd period - Shot Blocked by Victor Hedman.
8:19 of 2nd period - Slapshot by Adam Fox.
8:19 of 2nd period - Deflect By Nicholas Paul.
8:19 of 2nd period - Stopped by Stuart Skinner without a rebound.
8:20 of 2nd period - Aleksander Barkov wins face-off versus Roope Hintz in Devils zone.
8:51 of 2nd period - Gustav Forsling is hit by Jesper Fast and loses puck.
8:58 of 2nd period - Slapshot by Erik Haula.
8:58 of 2nd period - Stopped by Joonas Korpisalo with a rebound.
9:12 of 2nd period - Ryan Lindgren is hit by Logan Couture and loses puck.
9:19 of 2nd period - Wrist shot by Viktor Arvidsson.
9:19 of 2nd period - Stopped by Joonas Korpisalo without a rebound.
9:20 of 2nd period - Aleksander Barkov wins face-off versus Roope Hintz in Capitals zone.
10:43 of 2nd period - Snap shot by Jesper Fast.
10:43 of 2nd period - Stopped by Stuart Skinner with a rebound.
10:45 of 2nd period - Snap shot by Evan Rodrigues.
10:45 of 2nd period - Stopped by Stuart Skinner with a rebound.
10:47 of 2nd period - Snap shot by Evan Rodrigues.
10:47 of 2nd period - Stopped by Stuart Skinner with a rebound.
11:23 of 2nd period - Jeff Skinner is hit by Henri Jokiharju and loses puck.
12:18 of 2nd period - Slapshot by Zach Hyman.
12:18 of 2nd period - Shot Misses the Net.
12:20 of 2nd period - Snap shot by William Nylander.
12:20 of 2nd period - Stopped by Stuart Skinner with a rebound.
12:22 of 2nd period - Snap shot by Zach Hyman.
12:22 of 2nd period - Stopped by Stuart Skinner with a rebound.
12:24 of 2nd period - Snap shot by Aleksander Barkov.
12:24 of 2nd period - Shot Blocked by Ryan Pulock.
13:02 of 2nd period - Ryan Pulock is hit by Ryan Lindgren and loses puck.
13:25 of 2nd period - Wrist shot by Roope Hintz.
13:25 of 2nd period - Stopped by Joonas Korpisalo without a rebound.
13:26 of 2nd period - Nicholas Paul wins face-off versus Logan Couture in Capitals zone.
13:53 of 2nd period - Johnathan Kovacevic is hit by Aleksander Barkov and loses puck.
14:08 of 2nd period - Johnathan Kovacevic is hit by William Nylander and loses puck.
14:22 of 2nd period - Roope Hintz is hit by Dmitry Orlov and loses puck.
14:48 of 2nd period - Icing by Tyler Seguin.
14:49 of 2nd period - Roope Hintz wins face-off versus Nicholas Paul in Devils zone.
15:12 of 2nd period - Slapshot by Gustav Forsling.
15:12 of 2nd period - Shot Misses the Net.
15:18 of 2nd period - Snap shot by Adam Fox.
15:18 of 2nd period - Stopped by Stuart Skinner without a rebound.
15:19 of 2nd period - Jesper Fast wins face-off versus Logan Couture in Devils zone.
15:24 of 2nd period - Slapshot by Evan Rodrigues.
15:24 of 2nd period - Shot Misses the Net.
15:34 of 2nd period - Snap shot by Viktor Arvidsson.
15:34 of 2nd period - Stopped by Joonas Korpisalo with a rebound.
15:36 of 2nd period - Wrist shot by Torey Krug.
15:36 of 2nd period - Shot Blocked by Dmitry Orlov.
15:52 of 2nd period - Slapshot by Johnathan Kovacevic.
15:52 of 2nd period - Stopped by Joonas Korpisalo with a rebound.
16:41 of 2nd period - Slapshot by Dmitry Orlov.
16:41 of 2nd period - Shot Misses the Net.
16:43 of 2nd period - Wrist shot by Brandon Duhaime.
16:43 of 2nd period - Stopped by Stuart Skinner without a rebound.
16:44 of 2nd period - Nicholas Paul wins face-off versus Viktor Arvidsson in Devils zone.
16:57 of 2nd period - Wrist shot by Sam Reinhart.
16:57 of 2nd period - Shot Misses the Net.
17:11 of 2nd period - Snap shot by Morgan Frost.
17:11 of 2nd period - Shot Misses the Net.
17:17 of 2nd period - Snap shot by Morgan Frost.
17:17 of 2nd period - Shot Blocked by Cam Fowler.
18:07 of 2nd period - Snap shot by Tom Wilson.
18:07 of 2nd period - Stopped by Stuart Skinner without a rebound.
18:08 of 2nd period - Dylan Gambrell wins face-off versus Morgan Frost in Devils zone.
18:13 of 2nd period - Wrist shot by Tom Wilson.
18:13 of 2nd period - Stopped by Stuart Skinner without a rebound.
18:14 of 2nd period - Zach Hyman wins face-off versus Morgan Frost in Devils zone.
18:17 of 2nd period - Wrist shot by Aleksander Barkov.
18:17 of 2nd period - Deflect By Peyton Krebs.
18:17 of 2nd period - Stopped by Stuart Skinner with a rebound.
18:23 of 2nd period - Snap shot by Zach Hyman.
18:23 of 2nd period - Stopped by Stuart Skinner without a rebound.
18:24 of 2nd period - Logan Couture wins face-off versus Aleksander Barkov in Devils zone.
18:39 of 2nd period - Wrist shot by Viktor Arvidsson.
18:39 of 2nd period - Shot Misses the Net.
18:41 of 2nd period - Snap shot by Logan Couture.
18:41 of 2nd period - Shot Misses the Net.
18:51 of 2nd period - Jeff Skinner is hit by Ryan Pulock and loses puck.
19:06 of 2nd period - Victor Hedman is hit by Sam Reinhart and loses puck.
Goals for this period are 0 for Capitals vs 0 for Devils.
Shots for this period are 15 for Capitals vs 10 for Devils.

3rd period


0:01 of 3rd period - Logan Couture wins face-off versus Zach Hyman in neutral zone.
0:06 of 3rd period - Slapshot by Torey Krug.
0:06 of 3rd period - Shot Misses the Net.
0:08 of 3rd period - Wrist shot by Johnathan Kovacevic.
0:08 of 3rd period - Deflect By Logan Couture.
0:08 of 3rd period - Shot Misses the Net.
0:08 of 3rd period - Puck is out of play.
0:09 of 3rd period - Viktor Arvidsson wins face-off versus Aleksander Barkov in Capitals zone.
0:20 of 3rd period - Wrist shot by Logan Couture.
0:20 of 3rd period - Stopped by Joonas Korpisalo with a rebound.
0:32 of 3rd period - Slapshot by Logan Couture.
0:32 of 3rd period - Deflect By Zach Hyman.
0:32 of 3rd period - Shot Misses the Net.
0:32 of 3rd period - Puck is out of play.
0:33 of 3rd period - Jeff Skinner wins face-off versus Roope Hintz in Capitals zone.
1:00 of 3rd period - Peyton Krebs is hit by Dmitry Orlov and loses puck.
1:27 of 3rd period - Snap shot by Nico Sturm.
1:27 of 3rd period - Stopped by Stuart Skinner without a rebound.
1:28 of 3rd period - Nicholas Paul wins face-off versus Logan Couture in Devils zone.
1:35 of 3rd period - Slapshot by Jeff Skinner.
1:35 of 3rd period - Shot Blocked by Logan Couture.
1:37 of 3rd period - Slapshot by Adam Fox.
1:37 of 3rd period - Stopped by Stuart Skinner with a rebound.
1:39 of 3rd period - Slapshot by Cam Fowler.
1:39 of 3rd period - Shot Blocked by Ryan Pulock.
1:41 of 3rd period - Slapshot by Adam Fox.
1:41 of 3rd period - Deflect By Nicholas Paul.
1:41 of 3rd period - Stopped by Stuart Skinner without a rebound.
1:42 of 3rd period - Nicholas Paul wins face-off versus Logan Couture in Devils zone.
1:56 of 3rd period - Minor Penalty to Adam Fox for Tripping.
1:57 of 3rd period - Roope Hintz wins face-off versus Aleksander Barkov in Capitals zone.
3:56 of 3rd period - Penalty to Adam Fox is over, Adam Fox is back on ice.
4:08 of 3rd period - Niko Mikkola is hit by Gustav Forsling and loses puck.
4:15 of 3rd period - Snap shot by Teuvo Teravainen.
4:15 of 3rd period - Deflect By Adam Fox.
4:15 of 3rd period - Shot Blocked by Niko Mikkola.
4:15 of 3rd period - Puck is out of play.
4:16 of 3rd period - Dylan Gambrell wins face-off versus Morgan Frost in Capitals zone.
4:45 of 3rd period - Snap shot by Eetu Luostarinen.
4:45 of 3rd period - Shot Blocked by Cam Fowler.
5:21 of 3rd period - Snap shot by Teuvo Teravainen.
5:21 of 3rd period - Stopped by Joonas Korpisalo without a rebound.
5:22 of 3rd period - Nico Sturm wins face-off versus Logan Couture in Capitals zone.
5:27 of 3rd period - Snap shot by Evan Rodrigues.
5:27 of 3rd period - Stopped by Stuart Skinner with a rebound.
5:35 of 3rd period - Slapshot by Logan Couture.
5:35 of 3rd period - Stopped by Joonas Korpisalo without a rebound.
5:36 of 3rd period - Aleksander Barkov wins face-off versus Roope Hintz in Capitals zone.
6:08 of 3rd period - Wrist shot by Logan Couture.
6:08 of 3rd period - Stopped by Joonas Korpisalo without a rebound.
6:09 of 3rd period - Nicholas Paul wins face-off versus Logan Couture in Capitals zone.
6:14 of 3rd period - Johnathan Kovacevic is hit by Nicholas Paul and loses puck.
6:54 of 3rd period - Minor Penalty to Nico Sturm for Hooking.
6:55 of 3rd period - Roope Hintz wins face-off versus Aleksander Barkov in Capitals zone.
6:58 of 3rd period - Backhand shot by Filip Chytil.
6:58 of 3rd period - Stopped by Joonas Korpisalo with a rebound.
7:00 of 3rd period - Wrist shot by Gustav Forsling.
7:00 of 3rd period - Stopped by Joonas Korpisalo without a rebound.
7:01 of 3rd period - Roope Hintz wins face-off versus Aleksander Barkov in Capitals zone.
7:07 of 3rd period - Slapshot by Victor Hedman.
7:07 of 3rd period - Stopped by Joonas Korpisalo with a rebound.
7:17 of 3rd period - Snap shot by Filip Chytil.
7:17 of 3rd period - Shot Misses the Net.
7:37 of 3rd period - Slapshot by Logan Couture.
7:37 of 3rd period - Goal by Logan Couture - Capitals : 1 - Devils : 2.
7:38 of 3rd period - Logan Couture wins face-off versus Aleksander Barkov in neutral zone.
8:05 of 3rd period - Tyler Seguin is hit by Jeff Skinner and loses puck.
8:28 of 3rd period - Eetu Luostarinen is hit by Dylan Gambrell and loses puck.
8:35 of 3rd period - Dmitry Orlov is hit by Tyler Seguin and loses puck.
8:40 of 3rd period - Wrist shot by Eetu Luostarinen.
8:40 of 3rd period - Shot Misses the Net.
8:42 of 3rd period - Snap shot by Tyler Seguin.
8:42 of 3rd period - Stopped by Joonas Korpisalo without a rebound.
8:43 of 3rd period - Aleksander Barkov wins face-off versus Logan Couture in Capitals zone.
8:48 of 3rd period - Wrist shot by Aleksander Barkov.
8:48 of 3rd period - Deflect By William Nylander.
8:48 of 3rd period - Stopped by Stuart Skinner with a rebound.
9:34 of 3rd period - Backhand shot by Logan Couture.
9:34 of 3rd period - Deflect By Viktor Arvidsson.
9:34 of 3rd period - Shot Hit the Post.
9:34 of 3rd period - Puck is out of play.
9:35 of 3rd period - Sam Reinhart wins face-off versus Erik Haula in Capitals zone.
9:51 of 3rd period - Wrist shot by Sam Reinhart.
9:51 of 3rd period - Shot Misses the Net.
10:25 of 3rd period - Snap shot by Teuvo Teravainen.
10:25 of 3rd period - Deflect By Evan Rodrigues.
10:25 of 3rd period - Stopped by Joonas Korpisalo without a rebound.
10:26 of 3rd period - Nicholas Paul wins face-off versus Morgan Frost in Capitals zone.
11:13 of 3rd period - Snap shot by Jesper Bratt.
11:13 of 3rd period - Shot Misses the Net.
11:15 of 3rd period - Slapshot by Tyler Seguin.
11:15 of 3rd period - Shot Blocked by Nico Sturm.
11:17 of 3rd period - Slapshot by Victor Hedman.
11:17 of 3rd period - Stopped by Joonas Korpisalo without a rebound.
11:18 of 3rd period - Tyler Seguin wins face-off versus Nicholas Paul in Capitals zone.
11:23 of 3rd period - Snap shot by Roope Hintz.
11:23 of 3rd period - Stopped by Joonas Korpisalo with a rebound.
11:32 of 3rd period - Minor Penalty to Nicholas Paul for Hooking.
11:33 of 3rd period - Aleksander Barkov wins face-off versus Logan Couture in Capitals zone.
12:14 of 3rd period - Slapshot by Victor Hedman.
12:14 of 3rd period - Stopped by Joonas Korpisalo without a rebound.
12:15 of 3rd period - Aleksander Barkov wins face-off versus Roope Hintz in Capitals zone.
13:32 of 3rd period - Penalty to Nicholas Paul is over, Nicholas Paul is back on ice.
14:07 of 3rd period - Snap shot by Adam Fox.
14:07 of 3rd period - Stopped by Stuart Skinner without a rebound.
14:08 of 3rd period - Erik Haula wins face-off versus Dylan Gambrell in Devils zone.
14:08 of 3rd period - Erik Haula is hit by Brandon Duhaime.
14:38 of 3rd period - Victor Hedman is hit by Zach Hyman.
14:52 of 3rd period - Ryan Pulock is hit by William Nylander and loses puck.
15:27 of 3rd period - Slapshot by Dmitry Orlov.
15:27 of 3rd period - Shot Misses the Net.
15:29 of 3rd period - Snap shot by Tom Wilson.
15:29 of 3rd period - Deflect By Gustav Forsling.
15:29 of 3rd period - Shot Misses the Net.
15:29 of 3rd period - Puck is out of play.
15:30 of 3rd period - Dylan Gambrell wins face-off versus Roope Hintz in Devils zone.
16:09 of 3rd period - Snap shot by Viktor Arvidsson.
16:09 of 3rd period - Stopped by Joonas Korpisalo without a rebound.
16:10 of 3rd period - Logan Couture wins face-off versus Nico Sturm in Capitals zone.
16:37 of 3rd period - Filip Chytil is hit by Aleksander Barkov and loses puck.
16:58 of 3rd period - Tyler Seguin is hit by Jeff Skinner and loses puck.
17:05 of 3rd period - Sam Reinhart is hit by Roope Hintz and loses puck.
17:31 of 3rd period - Snap shot by Brandon Duhaime.
17:31 of 3rd period - Stopped by Stuart Skinner without a rebound.
17:32 of 3rd period - Logan Couture wins face-off versus Jesper Fast in Devils zone.
17:59 of 3rd period - Ryan Lindgren is hit by Viktor Arvidsson and loses puck.
18:24 of 3rd period - Wrist shot by Viktor Arvidsson.
18:24 of 3rd period - Stopped by Joonas Korpisalo without a rebound.
18:25 of 3rd period - Aleksander Barkov wins face-off versus Erik Haula in Capitals zone.
18:25 of 3rd period - Aleksander Barkov is hit by Johnathan Kovacevic.
18:35 of 3rd period - Slapshot by Adam Fox.
18:35 of 3rd period - Stopped by Stuart Skinner with a rebound.
18:37 of 3rd period - Slapshot by Zach Hyman.
18:37 of 3rd period - Stopped by Stuart Skinner with a rebound.
18:39 of 3rd period - Snap shot by William Nylander.
18:39 of 3rd period - Goal by William Nylander - Capitals : 2 - Devils : 2.
18:40 of 3rd period - Jesper Fast wins face-off versus Erik Haula in neutral zone.
19:07 of 3rd period - Jesper Fast is hit by Logan Couture and loses puck.
19:16 of 3rd period - Snap shot by Logan Couture.
19:16 of 3rd period - Shot Blocked by Dmitry Orlov.
19:18 of 3rd period - Wrist shot by Viktor Arvidsson.
19:18 of 3rd period - Stopped by Joonas Korpisalo with a rebound.
19:20 of 3rd period - Backhand shot by Ryan Pulock.
19:20 of 3rd period - Deflect By Logan Couture.
19:20 of 3rd period - Shot Blocked by Ryan Lindgren.
19:20 of 3rd period - Puck is out of play.
19:21 of 3rd period - Nicholas Paul wins face-off versus Erik Haula in Capitals zone.
Goals for this period are 1 for Capitals vs 1 for Devils.
Shots for this period are 10 for Capitals vs 16 for Devils.

Overtime #1


0:01 of 1st overtime period - Evan Rodrigues wins face-off versus Eetu Luostarinen in neutral zone.
0:08 of 1st overtime period - Snap shot by Evan Rodrigues.
0:08 of 1st overtime period - Stopped by Stuart Skinner with a rebound.
0:10 of 1st overtime period - Slapshot by Adam Fox.
0:10 of 1st overtime period - Stopped by Stuart Skinner without a rebound.
0:11 of 1st overtime period - Eetu Luostarinen wins face-off versus Evan Rodrigues in Devils zone.
0:23 of 1st overtime period - Wrist shot by Eetu Luostarinen.
0:23 of 1st overtime period - Stopped by Joonas Korpisalo without a rebound.
0:24 of 1st overtime period - Evan Rodrigues wins face-off versus Eetu Luostarinen in Capitals zone.
2:08 of 1st overtime period - Filip Chytil is hit by Aleksander Barkov and loses puck.
2:17 of 1st overtime period - Wrist shot by Teuvo Teravainen.
2:17 of 1st overtime period - Shot Misses the Net.
Goals for this period are 0 for Capitals vs 0 for Devils.
Shots for this period are 2 for Capitals vs 1 for Devils.

ShootOut


5:00 of 1st overtime period - Round #1.
5:00 of 1st overtime period - Capitals, William Nylander.
5:00 of 1st overtime period - Backhand shot by William Nylander.
5:00 of 1st overtime period - Stopped by Stuart Skinner.
5:00 of 1st overtime period - Devils, Jesper Bratt.
5:00 of 1st overtime period - Backhand shot by Jesper Bratt.
5:00 of 1st overtime period - Shot Misses the Net.
5:00 of 1st overtime period - Round #2.
5:00 of 1st overtime period - Capitals, Jeff Skinner.
5:00 of 1st overtime period - Snap shot by Jeff Skinner.
5:00 of 1st overtime period - Stopped by Stuart Skinner.
5:00 of 1st overtime period - Devils, Roope Hintz.
5:00 of 1st overtime period - Deke by Roope Hintz.
5:00 of 1st overtime period - Goal by Roope Hintz.
5:00 of 1st overtime period - Round #3.
5:00 of 1st overtime period - Capitals, Sam Reinhart.
5:00 of 1st overtime period - Deke by Sam Reinhart.
5:00 of 1st overtime period - Goal by Sam Reinhart.
5:00 of 1st overtime period - Devils, Logan Couture.
5:00 of 1st overtime period - Snap shot by Logan Couture.
5:00 of 1st overtime period - Shot Misses the Net.
5:00 of 1st overtime period - Round #4.
5:00 of 1st overtime period - Capitals, Zach Hyman.
5:00 of 1st overtime period - Wrist shot by Zach Hyman.
5:00 of 1st overtime period - Shot Misses the Net.
5:00 of 1st overtime period - Devils, Tyler Seguin.
5:00 of 1st overtime period - Wrist shot by Tyler Seguin.
5:00 of 1st overtime period - Stopped by Joonas Korpisalo.
5:00 of 1st overtime period - Round #5.
5:00 of 1st overtime period - Capitals, Aleksander Barkov.
5:00 of 1st overtime period - Snap shot by Aleksander Barkov.
5:00 of 1st overtime period - Stopped by Stuart Skinner.
5:00 of 1st overtime period - Devils, Viktor Arvidsson.
5:00 of 1st overtime period - Deke by Viktor Arvidsson.
5:00 of 1st overtime period - Goal by Viktor Arvidsson.